[ AOE2 MATCH · #481931212 ]
UnrankedTeutons vs Bengalis
[ REPLAY ANALYSIS · EXTRACTED FROM THE RECORDED GAME ]
Feudal
11:27
Castle
14:59
Imperial
27:17
| APM avg | 39.3 |
| APM peak | 67 |
| eAPM avg | 29.8 |
| Villagers / military | 148 / 76 |
Focus
⚔️ 35.8% · 🌾 64.2%
Knight ×70 · Trade Cart ×12 · Bombard Cannon ×5 · Trebuchet (Packed) ×1
Feudal
15:00
Castle
18:42
Imperial
35:55
| APM avg | 26.6 |
| APM peak | 70 |
| eAPM avg | 17.7 |
| Villagers / military | 166 / 14 |
Focus
⚔️ 10.7% · 🌾 89.3%
Elephant Archer ×14
Feudal
11:11
Castle
14:44
Imperial
29:45
| APM avg | 33.0 |
| APM peak | 86 |
| eAPM avg | 18.7 |
| Villagers / military | 167 / 80 |
Focus
⚔️ 19.9% · 🌾 80.1%
Spearman ×60 · Mangonel ×14 · Bombard Cannon ×4 · Monk ×2
Feudal
13:51
Castle
17:22
Imperial
34:28
| APM avg | 70.4 |
| APM peak | 112 |
| eAPM avg | 31.7 |
| Villagers / military | 138 / 58 |
Focus
⚔️ 36.5% · 🌾 63.5%
Arambai ×51 · Mangonel ×3 · Petard ×2 · Monk ×1 · Battering Ram ×1
Feudal
13:24
Castle
23:52
Imperial
—
| APM avg | 50.3 |
| APM peak | 115 |
| eAPM avg | 26.0 |
| Villagers / military | 91 / 8 |
Focus
⚔️ 25.3% · 🌾 74.7%
Jaguar Warrior ×8
Feudal
11:48
Castle
15:21
Imperial
28:21
| APM avg | 42.0 |
| APM peak | 75 |
| eAPM avg | 23.4 |
| Villagers / military | 188 / 13 |
Focus
⚔️ 26.0% · 🌾 74.0%
Unknown (1923) ×18 · Iron Pagoda ×8 · Trebuchet (Packed) ×4 · Monk ×1
Feudal
12:02
Castle
15:53
Imperial
31:03
| APM avg | 27.8 |
| APM peak | 53 |
| eAPM avg | 19.6 |
| Villagers / military | 134 / 59 |
Focus
⚔️ 28.2% · 🌾 71.8%
Elephant Archer ×35 · Scorpion ×10 · Mangonel ×4 · Trebuchet (Packed) ×4 · Hand Cannoneer ×3 · Monk ×2
Feudal
13:33
Castle
17:08
Imperial
30:18
| APM avg | 31.3 |
| APM peak | 62 |
| eAPM avg | 21.5 |
| Villagers / military | 119 / 28 |
Focus
⚔️ 24.6% · 🌾 75.4%
Spearman ×15 · Monk ×7 · Trebuchet (Packed) ×4 · Trade Cart ×3 · Mangonel ×2
Match map
Initial resources + every placement click. Lines = walls · curves = elevation contours. ◆ gold · ⬟ stone · ● berries · ✦ relic · ◌ wall gap
Your base· ✓ Closed at 14:59 · 0t walls · no gate
[CL] ElPali's base· ✓ Closed at 18:42 · 37t walls · no gate
3∅∰©Ψ H̵͎̄ẽ̵̝ ̵'s base· ✓ Closed at 14:44 · 0t walls · 1 gate(s)
Oni.TaToH's base· ✓ Closed at 17:22 · 36t walls · no gate
Perlin's base· ✓ Closed at 23:52 · 85t walls · no gate
[R1] 12Tirador's base· ✓ Closed at 15:21 · 3t walls · no gate
Bambs's base· ✓ Closed at 15:53 · 3t walls · no gate
c3mbrich!'s base· ✓ Closed at 17:08 · 25t walls · no gate
Smoothed initial terrain · ◌ = detected wall gap · hover for details
Inputs per minute
— [R1] PoXoLo - - [CL] ElPali
Build order — [R1] PoXoLo
First 150 of 408 actions detected
| 0:01 | Queue | Villager (Male) |
| 0:02 | Build | House |
| 0:03 | Build | House |
| 0:04 | Queue | Villager (Male) |
| 0:11 | Queue | Villager (Male) |
| 0:15 | Queue | Villager (Male) |
| 1:28 | Queue | Villager (Male) |
| 2:08 | Queue | Villager (Male) |
| 2:22 | Queue | Villager (Male) |
| 2:22 | Queue | Villager (Male) |
| 2:24 | Build | Lumber Camp |
| 2:36 | Queue | Villager (Male) |
| 3:27 | Queue | Villager (Male) |
| 3:27 | Queue | Villager (Male) |
| 3:55 | Queue | Villager (Male) |
| 3:59 | Build | House |
| 4:28 | Queue | Villager (Male) |
| 4:37 | Queue | Villager (Male) |
| 4:53 | Build | House |
| 5:20 | Queue | Villager (Male) |
| 5:28 | Queue | Villager (Male) |
| 5:33 | Queue | Villager (Male) |
| 5:54 | Queue | Villager (Male) |
| 6:03 | Queue | Villager (Male) |
| 6:48 | Queue | Villager (Male) |
| 6:52 | Build | Mill |
| 7:23 | Build | House |
| 7:40 | Queue | Villager (Male) |
| 8:08 | Queue | Villager (Male) |
| 8:35 | Queue | Villager (Male) |
| 8:58 | Build | Mining Camp |
| 9:14 | Research | Feudal Age |
| 9:14 | Research | Feudal Age |
| 9:23 | Queue | Villager (Male) |
| 9:29 | Build | Farm |
| 9:31 | Build | Farm |
| 9:34 | Build | Farm |
| 9:40 | Build | House |
| 9:56 | Queue | Villager (Male) |
| 10:39 | Build | Farm |
| 10:53 | Build | Farm |
| 11:27 | Age | Feudal Age |
| 11:30 | Build | Market |
| 11:32 | Build | Blacksmith |
| 12:20 | Research | Castle Age |
| 12:46 | Research | Horse Collar |
| 13:04 | Build | Farm |
| 13:04 | Build | Farm |
| 13:21 | Research | Double-Bit Axe |
| 13:21 | Research | Double-Bit Axe |
| 13:53 | Queue | Villager (Male) |
| 14:59 | Age | Castle Age |
| 15:01 | Build | Town Center |
| 15:03 | Build | Town Center |
| 15:03 | Research | Bow Saw |
| 15:04 | Research | Bow Saw |
| 15:05 | Research | Heavy Plow |
| 15:08 | Queue | Villager (Male) |
| 15:27 | Queue | Villager (Male) |
| 15:29 | Build | Lumber Camp |
| 15:36 | Queue | Villager (Male) |
| 15:53 | Queue | Villager (Male) |
| 16:03 | Queue | Villager (Male) |
| 16:05 | Build | House |
| 16:05 | Build | House |
| 16:24 | Queue | Villager (Male) |
| 16:25 | Queue | Villager (Male) |
| 16:29 | Queue | Villager (Male) |
| 16:36 | Queue | Villager (Male) |
| 16:38 | Queue | Villager (Male) |
| 16:41 | Build | Farm |
| 16:44 | Queue | Villager (Male) |
| 16:47 | Build | Farm |
| 16:48 | Build | Farm |
| 16:48 | Build | Farm |
| 16:49 | Build | Farm |
| 16:54 | Queue | Villager (Male) |
| 16:59 | Queue | Villager (Male) |
| 17:05 | Queue | Villager (Male) |
| 17:11 | Queue | Villager (Male) |
| 17:14 | Build | Farm |
| 17:21 | Queue | Villager (Male) |
| 17:30 | Queue | Villager (Male) |
| 17:35 | Queue | Villager (Male) |
| 17:45 | Queue | Villager (Male) |
| 17:49 | Queue | Villager (Male) |
| 17:54 | Build | Town Center |
| 18:07 | Build | House |
| 18:07 | Build | House |
| 18:08 | Queue | Villager (Male) |
| 18:19 | Queue | Villager (Male) |
| 18:20 | Build | Farm |
| 18:21 | Build | Farm |
| 18:25 | Queue | Villager (Male) |
| 18:28 | Build | Farm |
| 18:41 | Queue | Villager (Male) |
| 18:42 | Build | House |
| 18:43 | Build | House |
| 18:45 | Queue | Villager (Male) |
| 18:49 | Build | Farm |
| 18:54 | Queue | Villager (Male) |
| 18:55 | Queue | Villager (Male) |
| 18:57 | Build | Farm |
| 19:00 | Build | Farm |
| 19:00 | Build | Farm |
| 19:02 | Queue | Villager (Male) |
| 19:03 | Build | Farm |
| 19:05 | Build | Farm |
| 19:07 | Queue | Villager (Male) |
| 19:16 | Build | Farm |
| 19:16 | Build | Farm |
| 19:16 | Build | Farm |
| 19:17 | Build | Farm |
| 19:18 | Queue | Villager (Male) |
| 19:21 | Queue | Villager (Male) |
| 19:25 | Build | Farm |
| 19:27 | Queue | Villager (Male) |
| 19:31 | Build | Farm |
| 19:40 | Build | Farm |
| 19:41 | Queue | Villager (Male) |
| 19:42 | Queue | Villager (Male) |
| 19:43 | Build | Farm |
| 19:44 | Build | Farm |
| 19:47 | Build | Farm |
| 19:55 | Queue | Villager (Male) |
| 19:55 | Queue | Villager (Male) |
| 20:02 | Build | House |
| 20:02 | Build | House |
| 20:04 | Build | House |
| 20:05 | Build | House |
| 20:11 | Research | Wheelbarrow |
| 20:13 | Queue | Villager (Male) |
| 20:15 | Build | Farm |
| 20:17 | Queue | Villager (Male) |
| 20:26 | Build | Farm |
| 20:27 | Queue | Villager (Male) |
| 20:29 | Build | Farm |
| 20:34 | Build | Farm |
| 20:35 | Queue | Villager (Male) |
| 20:44 | Queue | Villager (Male) |
| 20:45 | Queue | Villager (Male) |
| 20:46 | Queue | Villager (Male) |
| 20:48 | Build | House |
| 20:49 | Build | House |
| 20:50 | Build | House |
| 20:53 | Queue | Villager (Male) |
| 20:53 | Queue | Villager (Male) |
| 21:03 | Build | Farm |
| 21:08 | Queue | Villager (Male) |
| 21:08 | Queue | Villager (Male) |
Build order — [CL] ElPali
First 150 of 300 actions detected
| 0:02 | Queue | Villager (Male) ×4 |
| 0:03 | Build | House |
| 0:06 | Build | House |
| 0:24 | Research | Loom |
| 0:47 | Queue | Villager (Male) |
| 0:47 | Queue | Villager (Male) |
| 0:51 | Queue | Villager (Male) |
| 0:52 | Queue | Villager (Male) |
| 1:47 | Build | Palisade Wall |
| 2:24 | Queue | Villager (Male) |
| 2:25 | Queue | Villager (Male) |
| 2:57 | Queue | Villager (Male) |
| 2:57 | Queue | Villager (Male) |
| 3:45 | Build | House |
| 3:58 | Queue | Villager (Male) |
| 3:59 | Queue | Villager (Male) |
| 4:15 | Build | Palisade Wall |
| 4:18 | Build | Palisade Wall |
| 4:38 | Queue | Villager (Male) |
| 4:38 | Queue | Villager (Male) |
| 4:39 | Queue | Villager (Male) |
| 5:25 | Build | Palisade Wall |
| 5:27 | Build | Palisade Wall |
| 5:29 | Build | Palisade Wall |
| 5:41 | Queue | Villager (Male) |
| 5:42 | Queue | Villager (Male) |
| 5:46 | Build | Palisade Wall |
| 5:59 | Queue | Villager (Male) |
| 5:59 | Queue | Villager (Male) |
| 6:13 | Build | Palisade Wall |
| 6:26 | Queue | Villager (Male) |
| 6:26 | Queue | Villager (Male) |
| 6:44 | Queue | Villager (Male) |
| 7:08 | Queue | Villager (Male) |
| 7:09 | Queue | Villager (Male) |
| 7:22 | Build | Lumber Camp |
| 7:47 | Queue | Villager (Male) |
| 7:47 | Queue | Villager (Male) |
| 7:51 | Build | House |
| 8:20 | Queue | Villager (Male) |
| 8:21 | Queue | Villager (Male) |
| 8:36 | Queue | Villager (Male) |
| 8:36 | Queue | Villager (Male) |
| 8:52 | Build | House |
| 9:00 | Build | Palisade Wall |
| 9:06 | Queue | Villager (Male) |
| 9:06 | Queue | Villager (Male) |
| 9:07 | Queue | Villager (Male) |
| 9:29 | Queue | Villager (Male) |
| 9:29 | Queue | Villager (Male) |
| 9:59 | Build | Mill |
| 10:01 | Queue | Villager (Male) |
| 10:01 | Queue | Villager (Male) |
| 10:23 | Queue | Villager (Male) |
| 10:24 | Queue | Villager (Male) |
| 11:05 | Build | Mining Camp |
| 11:29 | Build | House |
| 12:19 | Build | Mill |
| 12:25 | Queue | Villager (Male) |
| 12:38 | Research | Feudal Age |
| 12:39 | Research | Feudal Age |
| 15:00 | Age | Feudal Age |
| 15:02 | Build | Blacksmith |
| 15:05 | Build | Market |
| 15:12 | Queue | Villager (Male) |
| 15:12 | Queue | Villager (Male) |
| 15:18 | Build | Mining Camp |
| 15:46 | Build | Mining Camp |
| 15:56 | Research | Castle Age |
| 16:07 | Research | Stone Mining |
| 16:07 | Research | Stone Mining |
| 17:16 | Build | Lumber Camp |
| 17:25 | Research | Double-Bit Axe |
| 17:58 | Build | Outpost |
| 18:03 | Research | Town Watch |
| 18:07 | Research | Horse Collar |
| 18:42 | Age | Castle Age |
| 19:02 | Build | Castle |
| 19:15 | Queue | Villager (Male) |
| 19:15 | Queue | Villager (Male) |
| 19:20 | Build | House |
| 20:04 | Build | Town Center |
| 20:14 | Queue | Villager (Male) |
| 20:42 | Queue | Villager (Male) |
| 20:43 | Queue | Villager (Male) |
| 20:56 | Build | Town Center |
| 21:08 | Queue | Villager (Male) |
| 21:09 | Queue | Villager (Male) |
| 21:14 | Build | Farm |
| 21:14 | Build | Farm |
| 21:16 | Build | Farm |
| 21:17 | Build | Farm |
| 21:19 | Build | Farm |
| 21:20 | Build | Farm |
| 21:21 | Build | Farm |
| 21:34 | Build | Farm |
| 21:40 | Build | Farm |
| 22:03 | Build | Farm |
| 22:04 | Build | Farm |
| 22:06 | Build | Farm |
| 22:11 | Build | Farm |
| 22:30 | Queue | Villager (Male) |
| 22:30 | Queue | Villager (Male) |
| 22:33 | Build | Farm |
| 22:34 | Build | Farm |
| 22:46 | Build | Farm |
| 22:47 | Queue | Villager (Male) |
| 22:47 | Queue | Villager (Male) |
| 23:06 | Build | Farm |
| 23:07 | Build | Farm |
| 23:16 | Build | Farm |
| 23:17 | Build | Farm |
| 23:18 | Queue | Villager (Male) |
| 23:18 | Queue | Villager (Male) |
| 23:19 | Queue | Villager (Male) |
| 23:46 | Queue | Villager (Male) ×2 |
| 23:52 | Queue | Villager (Male) |
| 24:02 | Build | Stone Wall |
| 24:05 | Queue | Villager (Male) |
| 24:05 | Queue | Villager (Male) |
| 24:05 | Queue | Villager (Male) |
| 24:16 | Build | Farm |
| 24:17 | Build | Farm |
| 24:18 | Build | Farm |
| 24:21 | Build | Farm |
| 24:23 | Build | Farm |
| 24:24 | Build | Farm |
| 24:28 | Queue | Villager (Male) ×4 |
| 24:34 | Build | Farm |
| 24:38 | Build | Farm |
| 24:52 | Queue | Villager (Male) ×2 |
| 24:54 | Queue | Villager (Male) |
| 25:03 | Build | Outpost |
| 25:10 | Queue | Villager (Male) |
| 25:11 | Queue | Villager (Male) |
| 25:15 | Queue | Villager (Male) |
| 25:24 | Build | Town Center |
| 25:32 | Queue | Villager (Male) ×2 |
| 25:52 | Build | House |
| 25:54 | Build | House |
| 25:54 | Build | House |
| 26:03 | Queue | Villager (Male) ×5 |
| 26:34 | Build | Town Center |
| 26:40 | Queue | Villager (Male) |
| 26:40 | Queue | Villager (Male) |
| 26:40 | Queue | Villager (Male) |
| 26:43 | Research | Bow Saw |
| 26:53 | Queue | Villager (Male) |
| 26:53 | Queue | Villager (Male) |
| 26:59 | Research | Wheelbarrow |
Build order — 3∅∰©Ψ H̵͎̄ẽ̵̝ ̵
First 150 of 342 actions detected
| 0:02 | Queue | Villager (Male) |
| 0:02 | Queue | Villager (Male) |
| 0:03 | Build | House |
| 0:04 | Build | House |
| 0:19 | Queue | Villager (Male) |
| 0:26 | Queue | Villager (Male) |
| 1:23 | Queue | Villager (Male) |
| 2:04 | Queue | Villager (Male) |
| 2:04 | Queue | Villager (Male) |
| 2:04 | Queue | Villager (Male) |
| 2:54 | Build | Lumber Camp |
| 3:00 | Queue | Villager (Male) |
| 3:00 | Queue | Villager (Male) |
| 3:00 | Queue | Villager (Male) |
| 3:01 | Queue | Villager (Male) |
| 3:05 | Queue | Villager (Male) |
| 3:05 | Queue | Villager (Male) |
| 3:13 | Queue | Villager (Male) |
| 3:37 | Build | House |
| 4:04 | Queue | Villager (Male) |
| 4:05 | Queue | Villager (Male) |
| 4:05 | Queue | Villager (Male) |
| 5:23 | Build | Mill |
| 5:36 | Queue | Villager (Male) |
| 5:36 | Queue | Villager (Male) |
| 5:46 | Queue | Villager (Male) |
| 5:46 | Queue | Villager (Male) |
| 6:18 | Build | House |
| 6:33 | Queue | Villager (Male) |
| 6:33 | Queue | Villager (Male) |
| 6:36 | Queue | Villager (Male) |
| 6:43 | Build | House |
| 6:54 | Queue | Villager (Male) |
| 6:56 | Build | House |
| 7:05 | Queue | Villager (Male) |
| 7:18 | Queue | Villager (Male) |
| 7:33 | Build | Palisade Gate |
| 7:48 | Queue | Villager (Male) |
| 7:48 | Queue | Villager (Male) |
| 7:56 | Build | House |
| 8:07 | Queue | Villager (Male) |
| 8:07 | Queue | Villager (Male) |
| 8:10 | Build | House |
| 8:18 | Build | House |
| 8:22 | Build | House |
| 8:33 | Queue | Villager (Male) |
| 9:01 | Research | Feudal Age |
| 9:02 | Research | Feudal Age |
| 10:20 | Build | House |
| 10:37 | Build | House |
| 10:49 | Queue | Villager (Male) |
| 10:49 | Queue | Villager (Male) |
| 11:11 | Age | Feudal Age |
| 11:13 | Build | Blacksmith |
| 11:15 | Build | Market |
| 11:43 | Build | House |
| 12:04 | Research | Castle Age |
| 12:16 | Research | Double-Bit Axe |
| 14:01 | Queue | Villager (Male) |
| 14:03 | Queue | Villager (Male) |
| 14:20 | Research | Horse Collar |
| 14:25 | Build | Farm |
| 14:26 | Build | Farm |
| 14:32 | Build | Farm |
| 14:36 | Queue | Villager (Male) |
| 14:44 | Age | Castle Age |
| 14:51 | Build | Town Center |
| 14:56 | Build | Town Center |
| 15:01 | Build | Farm |
| 15:10 | Research | Bow Saw |
| 15:11 | Research | Bow Saw |
| 15:13 | Queue | Villager (Male) |
| 15:40 | Build | Farm |
| 15:42 | Build | Farm |
| 15:52 | Queue | Villager (Male) |
| 16:01 | Queue | Villager (Male) |
| 16:01 | Queue | Villager (Male) |
| 16:03 | Build | Farm |
| 16:05 | Build | Farm |
| 16:14 | Build | Farm |
| 16:20 | Queue | Villager (Male) |
| 16:20 | Queue | Villager (Male) |
| 16:21 | Queue | Villager (Male) |
| 16:21 | Queue | Villager (Male) |
| 16:21 | Queue | Villager (Male) |
| 16:21 | Queue | Villager (Male) |
| 16:22 | Queue | Villager (Male) |
| 16:22 | Queue | Villager (Male) |
| 16:22 | Queue | Villager (Male) |
| 16:26 | Build | Farm |
| 16:36 | Build | Farm |
| 16:45 | Build | Farm |
| 16:48 | Build | Farm |
| 16:49 | Queue | Villager (Male) |
| 16:58 | Build | Farm |
| 17:07 | Queue | Villager (Male) |
| 17:14 | Build | House |
| 17:15 | Build | House |
| 17:19 | Build | Farm |
| 17:29 | Build | Monastery |
| 17:36 | Build | Farm |
| 17:38 | Queue | Villager (Male) ×3 |
| 17:42 | Build | Farm |
| 17:50 | Build | House |
| 17:53 | Queue | Villager (Male) |
| 17:53 | Queue | Villager (Male) |
| 17:57 | Build | Farm |
| 18:00 | Build | Farm |
| 18:03 | Build | Farm |
| 18:10 | Build | Farm |
| 18:15 | Build | Farm |
| 18:17 | Queue | Villager (Male) |
| 18:17 | Queue | Villager (Male) |
| 18:25 | Queue | Monk |
| 18:32 | Queue | Villager (Male) |
| 18:32 | Queue | Villager (Male) |
| 18:36 | Build | Farm |
| 18:39 | Build | Farm |
| 18:42 | Queue | Villager (Male) |
| 18:47 | Build | Farm |
| 18:56 | Build | Mining Camp |
| 19:05 | Build | House |
| 19:06 | Build | House |
| 19:07 | Build | House |
| 19:09 | Build | House |
| 19:12 | Build | House |
| 19:14 | Queue | Villager (Male) |
| 19:17 | Research | Heavy Plow |
| 19:25 | Build | Farm |
| 19:30 | Queue | Villager (Male) ×3 |
| 19:30 | Queue | Villager (Male) ×3 |
| 19:42 | Queue | Villager (Male) ×2 |
| 19:46 | Build | Farm |
| 19:47 | Build | Farm |
| 20:03 | Queue | Villager (Male) |
| 20:17 | Research | Wheelbarrow |
| 20:39 | Queue | Villager (Male) |
| 20:39 | Queue | Villager (Male) |
| 20:39 | Queue | Villager (Male) |
| 20:39 | Queue | Villager (Male) |
| 20:42 | Build | Farm |
| 20:55 | Build | House |
| 20:57 | Queue | Villager (Male) |
| 21:01 | Build | Farm |
| 21:03 | Build | Farm |
| 21:09 | Build | Town Center |
| 21:13 | Queue | Villager (Male) |
| 21:24 | Queue | Villager (Male) |
| 21:25 | Queue | Villager (Male) |
| 21:35 | Queue | Villager (Male) |
Build order — Oni.TaToH
First 150 of 323 actions detected
| 0:01 | Queue | Villager (Male) ×4 |
| 0:01 | Queue | Villager (Male) ×4 |
| 0:02 | Build | House |
| 0:03 | Build | House |
| 1:21 | Build | Palisade Wall |
| 1:27 | Queue | Villager (Male) |
| 1:27 | Queue | Villager (Male) |
| 1:58 | Queue | Villager (Male) |
| 2:26 | Queue | Villager (Male) |
| 2:47 | Research | Loom |
| 2:47 | Queue | Villager (Male) |
| 3:10 | Queue | Villager (Male) |
| 3:45 | Queue | Villager (Male) |
| 3:49 | Queue | Villager (Male) |
| 4:12 | Queue | Villager (Male) |
| 4:12 | Queue | Villager (Male) |
| 4:14 | Build | House |
| 4:36 | Queue | Villager (Male) |
| 5:25 | Queue | Villager (Male) |
| 5:26 | Queue | Villager (Male) |
| 6:00 | Queue | Villager (Male) |
| 6:08 | Build | Palisade Wall |
| 6:12 | Build | House |
| 6:35 | Queue | Villager (Male) |
| 6:58 | Build | Palisade Wall |
| 7:00 | Queue | Villager (Male) |
| 7:17 | Build | Lumber Camp |
| 7:31 | Queue | Villager (Male) |
| 7:31 | Queue | Villager (Male) |
| 7:40 | Build | Palisade Wall |
| 7:42 | Build | Palisade Wall |
| 7:46 | Queue | Villager (Male) |
| 8:00 | Build | House |
| 8:13 | Queue | Villager (Male) |
| 8:25 | Queue | Villager (Male) |
| 9:07 | Queue | Villager (Male) |
| 9:25 | Build | Mill |
| 9:28 | Queue | Villager (Male) |
| 9:33 | Queue | Villager (Male) |
| 9:38 | Queue | Villager (Male) |
| 9:43 | Queue | Villager (Male) |
| 9:43 | Queue | Villager (Male) |
| 9:57 | Queue | Villager (Male) |
| 10:01 | Build | Mill |
| 10:26 | Build | House |
| 10:36 | Build | Lumber Camp |
| 11:06 | Build | Mining Camp |
| 11:29 | Research | Feudal Age |
| 11:30 | Research | Feudal Age |
| 12:29 | Queue | Villager (Male) |
| 12:29 | Queue | Villager (Male) |
| 13:41 | Build | Palisade Wall |
| 13:51 | Age | Feudal Age |
| 13:52 | Build | Mining Camp |
| 13:53 | Queue | Villager (Male) |
| 13:55 | Build | Market |
| 13:56 | Build | Blacksmith |
| 13:58 | Queue | Villager (Male) |
| 14:15 | Build | Mining Camp |
| 14:41 | Research | Castle Age |
| 14:41 | Research | Castle Age |
| 15:15 | Research | Horse Collar |
| 15:15 | Research | Horse Collar |
| 16:24 | Build | Farm |
| 16:27 | Build | Farm |
| 16:29 | Build | Farm |
| 16:30 | Queue | Villager (Male) |
| 17:22 | Age | Castle Age |
| 17:24 | Build | Castle |
| 17:28 | Build | Siege Workshop |
| 17:30 | Queue | Villager (Male) |
| 17:33 | Research | Gold Mining |
| 17:34 | Research | Gold Mining |
| 17:48 | Queue | Villager (Male) |
| 17:52 | Build | House |
| 17:52 | Build | House |
| 17:56 | Build | Farm |
| 18:16 | Queue | Battering Ram |
| 18:22 | Research | Wheelbarrow |
| 18:31 | Research | Town Watch |
| 18:32 | Research | Wheelbarrow |
| 18:38 | Queue | Arambai |
| 18:45 | Queue | Villager (Male) |
| 18:45 | Queue | Villager (Male) |
| 18:48 | Build | Town Center |
| 18:59 | Queue | Arambai |
| 19:31 | Queue | Petard |
| 19:33 | Queue | Villager (Male) |
| 19:49 | Build | Monastery |
| 19:55 | Queue | Villager (Male) |
| 19:57 | Build | Farm |
| 19:57 | Build | Farm |
| 19:58 | Build | Farm |
| 20:08 | Queue | Arambai |
| 20:13 | Queue | Villager (Male) |
| 20:16 | Build | Farm |
| 20:16 | Build | Farm |
| 20:37 | Queue | Arambai |
| 20:39 | Queue | Villager (Male) |
| 20:39 | Queue | Villager (Male) |
| 21:05 | Queue | Villager (Male) |
| 21:14 | Queue | Villager (Male) |
| 21:25 | Queue | Villager (Male) |
| 21:33 | Queue | Arambai |
| 21:33 | Queue | Arambai |
| 21:35 | Queue | Villager (Male) |
| 21:37 | Queue | Villager (Male) |
| 21:37 | Queue | Villager (Male) |
| 21:39 | Build | Farm |
| 21:39 | Build | Farm |
| 21:40 | Build | Farm |
| 21:45 | Queue | Arambai |
| 21:47 | Queue | Villager (Male) |
| 21:47 | Queue | Villager (Male) |
| 21:56 | Queue | Monk |
| 21:59 | Build | Town Center |
| 22:12 | Build | Outpost |
| 22:16 | Queue | Villager (Male) |
| 22:22 | Queue | Villager (Male) |
| 22:37 | Queue | Mangonel |
| 22:37 | Queue | Mangonel |
| 22:40 | Queue | Villager (Male) |
| 22:43 | Queue | Arambai |
| 22:44 | Queue | Arambai |
| 22:56 | Queue | Petard |
| 22:59 | Queue | Villager (Male) |
| 23:00 | Build | Farm |
| 23:01 | Build | Farm |
| 23:13 | Queue | Villager (Male) |
| 23:13 | Queue | Villager (Male) |
| 23:14 | Build | Farm |
| 23:22 | Queue | Villager (Male) |
| 23:23 | Queue | Villager (Male) |
| 23:24 | Queue | Villager (Male) |
| 23:33 | Queue | Arambai |
| 23:34 | Queue | Villager (Male) |
| 23:35 | Queue | Villager (Male) |
| 23:58 | Queue | Arambai |
| 24:02 | Queue | Arambai |
| 24:09 | Queue | Arambai |
| 24:10 | Queue | Villager (Male) |
| 24:10 | Queue | Villager (Male) |
| 24:11 | Queue | Villager (Male) |
| 24:13 | Build | Farm |
| 24:13 | Queue | Villager (Male) |
| 24:15 | Build | Farm |
| 24:16 | Build | Farm |
| 24:32 | Queue | Villager (Male) |
| 24:47 | Queue | Villager (Male) |
| 24:48 | Queue | Villager (Male) |
Build order — Perlin
First 150 of 199 actions detected
| 0:01 | Queue | Villager (Male) |
| 0:01 | Queue | Villager (Male) |
| 0:02 | Build | House |
| 0:04 | Build | House |
| 0:20 | Queue | Villager (Male) |
| 0:20 | Queue | Villager (Male) |
| 1:14 | Queue | Villager (Male) |
| 1:14 | Queue | Villager (Male) |
| 1:21 | Research | Loom |
| 1:57 | Build | Palisade Wall |
| 2:02 | Queue | Villager (Male) |
| 2:03 | Queue | Villager (Male) |
| 2:25 | Queue | Villager (Male) |
| 2:25 | Queue | Villager (Male) |
| 2:44 | Build | Palisade Wall |
| 3:07 | Build | Lumber Camp |
| 3:09 | Queue | Villager (Male) |
| 3:09 | Queue | Villager (Male) |
| 3:40 | Queue | Villager (Male) |
| 3:44 | Queue | Villager (Male) |
| 3:44 | Queue | Villager (Male) |
| 4:08 | Queue | Villager (Male) |
| 4:08 | Queue | Villager (Male) |
| 4:54 | Queue | Villager (Male) |
| 4:54 | Queue | Villager (Male) |
| 5:27 | Queue | Villager (Male) |
| 5:27 | Queue | Villager (Male) |
| 5:55 | Queue | Villager (Male) |
| 5:56 | Queue | Villager (Male) |
| 6:01 | Queue | Villager (Male) |
| 6:02 | Queue | Villager (Male) |
| 6:33 | Build | House |
| 6:39 | Queue | Villager (Male) |
| 6:39 | Queue | Villager (Male) |
| 6:40 | Queue | Villager (Male) |
| 7:15 | Queue | Villager (Male) |
| 7:27 | Queue | Villager (Male) |
| 7:27 | Queue | Villager (Male) |
| 8:14 | Queue | Villager (Male) |
| 8:21 | Queue | Villager (Male) |
| 8:46 | Build | House |
| 9:06 | Queue | Villager (Male) |
| 9:06 | Queue | Villager (Male) |
| 9:22 | Queue | Villager (Male) |
| 9:36 | Build | Lumber Camp |
| 10:06 | Queue | Villager (Male) |
| 10:41 | Build | Mill |
| 10:44 | Queue | Villager (Male) |
| 11:04 | Queue | Villager (Male) |
| 11:09 | Build | House |
| 11:14 | Research | Feudal Age |
| 11:25 | Build | Mining Camp |
| 11:28 | Build | House |
| 12:03 | Queue | Villager (Male) |
| 12:46 | Build | House |
| 13:04 | Build | House |
| 13:24 | Age | Feudal Age |
| 13:42 | Build | Stone Wall |
| 13:44 | Queue | Villager (Male) |
| 13:52 | Queue | Villager (Male) |
| 14:02 | Queue | Villager (Male) |
| 14:06 | Research | Double-Bit Axe |
| 14:06 | Research | Double-Bit Axe |
| 14:07 | Research | Horse Collar |
| 14:07 | Research | Horse Collar |
| 14:10 | Build | Stone Wall |
| 14:16 | Queue | Villager (Male) |
| 14:23 | Build | Stone Wall |
| 14:54 | Build | Stone Wall |
| 15:01 | Build | Outpost |
| 15:03 | Queue | Villager (Male) |
| 15:06 | Build | Farm |
| 15:11 | Build | Farm |
| 15:11 | Build | Farm |
| 15:11 | Build | Farm |
| 15:12 | Build | Farm |
| 15:12 | Build | Farm |
| 15:22 | Build | Stone Wall |
| 15:28 | Build | Stone Wall |
| 15:30 | Build | Stone Wall |
| 15:35 | Queue | Villager (Male) |
| 15:43 | Build | Farm |
| 15:50 | Build | Farm |
| 15:52 | Queue | Villager (Male) |
| 16:02 | Build | Farm |
| 16:10 | Build | Farm |
| 16:23 | Build | Farm |
| 16:30 | Build | Stone Wall |
| 16:35 | Queue | Villager (Male) |
| 16:39 | Build | Stone Wall |
| 16:41 | Queue | Villager (Male) |
| 16:44 | Build | Farm |
| 17:07 | Build | Farm |
| 17:09 | Build | Farm |
| 17:42 | Build | Stone Wall |
| 17:51 | Queue | Villager (Male) |
| 17:53 | Research | Wheelbarrow |
| 17:56 | Build | Farm |
| 17:56 | Build | Farm |
| 18:23 | Build | Stone Wall |
| 18:27 | Queue | Villager (Male) |
| 18:34 | Build | Market |
| 18:49 | Build | Stone Wall |
| 19:16 | Queue | Villager (Male) |
| 19:33 | Build | Stone Wall |
| 19:53 | Queue | Villager (Male) |
| 19:55 | Build | Blacksmith |
| 19:58 | Queue | Villager (Male) |
| 20:11 | Build | Stone Wall |
| 21:12 | Research | Castle Age |
| 21:12 | Research | Castle Age |
| 21:12 | Research | Castle Age |
| 21:42 | Queue | Villager (Male) |
| 21:46 | Build | Mining Camp |
| 21:49 | Queue | Villager (Male) |
| 22:06 | Build | House |
| 22:08 | Build | House |
| 22:09 | Build | House |
| 22:18 | Build | Mining Camp |
| 22:36 | Queue | Villager (Male) |
| 22:42 | Build | Lumber Camp |
| 22:51 | Build | House |
| 22:58 | Build | Farm |
| 22:59 | Build | Farm |
| 23:02 | Queue | Villager (Male) |
| 23:35 | Build | House |
| 23:38 | Build | House |
| 23:52 | Age | Castle Age |
| 24:20 | Build | Castle |
| 24:40 | Queue | Villager (Male) |
| 24:40 | Queue | Villager (Male) |
| 24:42 | Queue | Villager (Male) |
| 24:42 | Queue | Villager (Male) |
| 24:42 | Queue | Villager (Male) |
| 24:46 | Queue | Villager (Male) |
| 24:46 | Queue | Villager (Male) |
| 25:22 | Queue | Villager (Male) |
| 25:22 | Queue | Villager (Male) |
| 25:22 | Queue | Villager (Male) |
| 25:28 | Build | Town Center |
| 25:31 | Queue | Jaguar Warrior |
| 25:31 | Queue | Jaguar Warrior |
| 25:59 | Queue | Villager (Male) |
| 25:59 | Queue | Villager (Male) |
| 26:12 | Queue | Villager (Male) |
| 26:12 | Queue | Villager (Male) |
| 26:47 | Queue | Jaguar Warrior |
| 26:48 | Queue | Jaguar Warrior |
| 26:48 | Queue | Jaguar Warrior |
| 26:49 | Queue | Jaguar Warrior |
Build order — [R1] 12Tirador
First 150 of 384 actions detected
| 0:00 | Queue | Villager (Male) |
| 0:00 | Queue | Villager (Male) |
| 0:01 | Queue | Villager (Male) |
| 0:01 | Queue | Villager (Male) |
| 0:02 | Build | House |
| 0:04 | Build | House |
| 1:22 | Build | Lumber Camp |
| 1:33 | Queue | Villager (Male) |
| 1:59 | Queue | Villager (Male) |
| 1:59 | Queue | Villager (Male) |
| 2:27 | Queue | Villager (Male) |
| 2:28 | Queue | Villager (Male) |
| 2:54 | Queue | Villager (Male) |
| 2:54 | Queue | Villager (Male) |
| 3:00 | Build | House |
| 3:08 | Queue | Villager (Male) |
| 3:40 | Queue | Villager (Male) |
| 3:49 | Queue | Villager (Male) |
| 3:50 | Queue | Villager (Male) |
| 3:57 | Build | House |
| 4:07 | Build | House |
| 4:18 | Queue | Villager (Male) |
| 4:34 | Queue | Villager (Male) |
| 4:59 | Queue | Villager (Male) |
| 5:31 | Build | Mill |
| 5:52 | Queue | Villager (Male) |
| 5:53 | Queue | Villager (Male) |
| 6:24 | Queue | Villager (Male) |
| 6:27 | Build | Mill |
| 6:38 | Research | Loom |
| 6:42 | Build | House |
| 6:44 | Queue | Villager (Male) |
| 7:13 | Queue | Villager (Male) |
| 7:29 | Build | Palisade Wall |
| 7:37 | Build | Palisade Wall |
| 7:40 | Queue | Villager (Male) |
| 7:47 | Build | Palisade Wall |
| 8:21 | Queue | Villager (Male) |
| 8:29 | Queue | Villager (Male) |
| 8:55 | Build | Mining Camp |
| 9:00 | Queue | Villager (Male) |
| 9:16 | Queue | Villager (Male) |
| 9:28 | Research | Feudal Age |
| 10:06 | Queue | Villager (Male) |
| 11:48 | Age | Feudal Age |
| 11:50 | Build | Market |
| 11:52 | Build | Blacksmith |
| 11:59 | Build | House |
| 12:00 | Build | House |
| 12:02 | Build | House |
| 12:10 | Research | Double-Bit Axe |
| 12:15 | Queue | Villager (Male) |
| 12:41 | Research | Castle Age |
| 12:41 | Research | Castle Age |
| 13:06 | Research | Tech 1014 |
| 14:09 | Queue | Villager (Male) |
| 15:21 | Age | Castle Age |
| 15:22 | Queue | Villager (Male) |
| 15:24 | Build | Town Center |
| 15:25 | Queue | Villager (Male) |
| 15:28 | Build | Town Center |
| 15:33 | Research | Bow Saw |
| 15:44 | Queue | Villager (Male) |
| 15:47 | Queue | Villager (Male) |
| 15:48 | Build | Pasture |
| 15:51 | Build | Pasture |
| 16:06 | Queue | Villager (Male) |
| 16:07 | Queue | Villager (Male) |
| 16:11 | Queue | Villager (Male) |
| 16:20 | Queue | Villager (Male) |
| 16:25 | Build | Town Center |
| 16:30 | Queue | Villager (Male) |
| 16:34 | Build | Pasture |
| 16:35 | Queue | Villager (Male) |
| 16:42 | Queue | Villager (Male) |
| 17:12 | Build | Pasture |
| 17:22 | Queue | Villager (Male) |
| 17:28 | Build | Pasture |
| 17:37 | Queue | Villager (Male) |
| 17:39 | Build | Pasture |
| 18:00 | Queue | Villager (Male) |
| 18:00 | Queue | Villager (Male) |
| 18:03 | Build | Pasture |
| 18:12 | Queue | Villager (Male) |
| 18:12 | Queue | Villager (Male) |
| 18:20 | Build | Pasture |
| 18:28 | Queue | Villager (Male) |
| 18:30 | Queue | Villager (Male) |
| 18:30 | Queue | Villager (Male) ×2 |
| 18:30 | Queue | Villager (Male) ×2 |
| 18:33 | Build | Pasture |
| 18:39 | Queue | Villager (Male) |
| 18:47 | Queue | Villager (Male) |
| 18:47 | Queue | Villager (Male) |
| 18:57 | Build | Pasture |
| 18:57 | Queue | Villager (Male) |
| 18:57 | Queue | Villager (Male) |
| 19:04 | Build | House |
| 19:04 | Build | House |
| 19:04 | Queue | Villager (Male) |
| 19:16 | Queue | Villager (Male) |
| 19:17 | Queue | Villager (Male) |
| 19:20 | Build | Pasture |
| 19:20 | Queue | Villager (Male) |
| 19:31 | Queue | Villager (Male) |
| 19:31 | Queue | Villager (Male) |
| 19:35 | Queue | Villager (Male) |
| 19:38 | Queue | Villager (Male) |
| 19:38 | Queue | Villager (Male) |
| 19:38 | Queue | Villager (Male) |
| 19:43 | Queue | Villager (Male) |
| 19:52 | Queue | Villager (Male) |
| 19:56 | Queue | Villager (Male) |
| 20:02 | Build | Pasture |
| 20:04 | Queue | Villager (Male) |
| 20:09 | Build | Pasture |
| 20:09 | Queue | Villager (Male) |
| 20:15 | Queue | Villager (Male) |
| 20:20 | Queue | Villager (Male) |
| 20:26 | Build | Pasture |
| 20:28 | Queue | Villager (Male) |
| 20:38 | Queue | Villager (Male) |
| 20:38 | Queue | Villager (Male) |
| 20:41 | Queue | Villager (Male) |
| 20:51 | Queue | Villager (Male) |
| 20:53 | Queue | Villager (Male) |
| 20:53 | Queue | Villager (Male) |
| 20:57 | Build | Pasture |
| 20:58 | Build | Pasture |
| 21:00 | Queue | Villager (Male) |
| 21:12 | Queue | Villager (Male) |
| 21:18 | Queue | Villager (Male) |
| 21:22 | Queue | Villager (Male) |
| 21:25 | Queue | Villager (Male) |
| 21:26 | Queue | Villager (Male) |
| 21:29 | Queue | Villager (Male) |
| 21:34 | Queue | Villager (Male) |
| 21:39 | Queue | Villager (Male) |
| 21:41 | Build | Pasture |
| 21:42 | Queue | Villager (Male) |
| 21:51 | Research | Wheelbarrow |
| 21:51 | Research | Town Watch |
| 21:52 | Queue | Villager (Male) |
| 21:52 | Queue | Villager (Male) |
| 21:54 | Build | House |
| 21:56 | Build | House |
| 22:01 | Build | House |
| 22:02 | Build | House |
| 22:02 | Build | House |
| 22:03 | Build | House |
Build order — Bambs
First 150 of 296 actions detected
| 0:00 | Queue | Villager (Male) |
| 0:01 | Queue | Villager (Male) |
| 0:01 | Queue | Villager (Male) |
| 0:01 | Queue | Villager (Male) |
| 0:01 | Queue | Villager (Male) |
| 0:02 | Build | House |
| 0:04 | Build | House |
| 1:22 | Queue | Villager (Male) |
| 1:23 | Queue | Villager (Male) |
| 2:00 | Queue | Villager (Male) |
| 2:01 | Queue | Villager (Male) |
| 2:09 | Build | Lumber Camp |
| 2:30 | Queue | Villager (Male) |
| 2:30 | Queue | Villager (Male) |
| 2:55 | Queue | Villager (Male) |
| 2:56 | Queue | Villager (Male) |
| 3:04 | Queue | Villager (Male) |
| 3:51 | Queue | Villager (Male) |
| 3:51 | Queue | Villager (Male) |
| 3:53 | Build | House |
| 4:03 | Queue | Villager (Male) |
| 4:03 | Queue | Villager (Male) |
| 4:22 | Build | Mill |
| 4:25 | Build | House |
| 4:52 | Queue | Villager (Male) |
| 5:07 | Queue | Villager (Male) |
| 5:07 | Queue | Villager (Male) |
| 5:35 | Queue | Villager (Male) |
| 5:36 | Queue | Villager (Male) |
| 5:40 | Build | House |
| 5:52 | Queue | Villager (Male) |
| 5:53 | Queue | Villager (Male) |
| 6:07 | Queue | Villager (Male) |
| 6:07 | Queue | Villager (Male) |
| 6:30 | Queue | Villager (Male) |
| 6:30 | Queue | Villager (Male) |
| 6:33 | Research | Loom |
| 6:35 | Queue | Villager (Male) |
| 6:36 | Queue | Villager (Male) |
| 6:48 | Build | Mill |
| 6:50 | Queue | Villager (Male) |
| 6:51 | Queue | Villager (Male) |
| 7:23 | Queue | Villager (Male) |
| 7:37 | Build | Palisade Wall |
| 7:47 | Queue | Villager (Male) |
| 7:48 | Queue | Villager (Male) |
| 7:48 | Queue | Villager (Male) |
| 7:48 | Queue | Villager (Male) |
| 7:49 | Queue | Villager (Male) |
| 7:50 | Queue | Villager (Male) |
| 9:00 | Build | Farm |
| 9:02 | Build | Farm |
| 9:08 | Build | Mining Camp |
| 9:30 | Research | Feudal Age |
| 10:07 | Queue | Villager (Male) |
| 10:08 | Queue | Villager (Male) |
| 10:31 | Build | House |
| 10:39 | Build | Barracks |
| 12:02 | Age | Feudal Age |
| 12:04 | Build | Blacksmith |
| 12:08 | Build | Market |
| 12:22 | Research | Double-Bit Axe |
| 12:27 | Research | Horse Collar |
| 12:53 | Build | House |
| 13:07 | Build | House |
| 13:10 | Queue | Spearman |
| 13:13 | Research | Castle Age |
| 13:41 | Build | Palisade Wall |
| 13:42 | Build | Palisade Wall |
| 14:24 | Build | House |
| 14:39 | Build | Lumber Camp |
| 14:53 | Build | Farm |
| 14:55 | Build | Farm |
| 15:14 | Queue | Villager (Male) |
| 15:15 | Queue | Villager (Male) |
| 15:53 | Age | Castle Age |
| 15:56 | Build | Town Center |
| 16:04 | Build | Town Center |
| 16:25 | Queue | Villager (Male) |
| 16:32 | Research | Bow Saw |
| 16:41 | Build | Town Center |
| 16:47 | Build | Farm |
| 17:17 | Build | Palisade Gate |
| 17:32 | Build | Siege Workshop |
| 17:37 | Build | Farm |
| 17:37 | Queue | Villager (Male) |
| 17:38 | Queue | Villager (Male) |
| 17:38 | Queue | Villager (Male) |
| 17:39 | Queue | Villager (Male) |
| 17:43 | Research | Wheelbarrow |
| 17:51 | Queue | Villager (Male) |
| 17:52 | Queue | Villager (Male) |
| 18:08 | Queue | Villager (Male) |
| 18:08 | Queue | Villager (Male) |
| 18:13 | Build | Farm |
| 18:13 | Build | Farm |
| 18:13 | Build | Farm |
| 18:26 | Queue | Scorpion |
| 18:26 | Queue | Scorpion |
| 18:27 | Queue | Villager (Male) |
| 18:32 | Build | Farm |
| 18:34 | Build | Farm |
| 18:35 | Queue | Villager (Male) |
| 18:39 | Build | Farm |
| 18:41 | Build | Farm |
| 18:50 | Build | House |
| 18:51 | Build | House |
| 19:00 | Queue | Scorpion |
| 19:01 | Queue | Scorpion |
| 19:23 | Queue | Mangonel |
| 19:38 | Build | House |
| 19:38 | Queue | Villager (Male) |
| 19:39 | Queue | Villager (Male) |
| 19:39 | Queue | Villager (Male) |
| 19:43 | Build | Farm |
| 19:44 | Build | Farm |
| 19:44 | Build | Farm |
| 19:44 | Build | Farm |
| 19:44 | Build | Farm |
| 19:44 | Build | Farm |
| 19:59 | Queue | Villager (Male) |
| 20:06 | Build | Farm |
| 20:07 | Build | Farm |
| 20:15 | Queue | Scorpion |
| 21:04 | Queue | Scorpion |
| 21:37 | Queue | Villager (Male) |
| 21:38 | Queue | Villager (Male) |
| 21:38 | Queue | Villager (Male) |
| 21:39 | Queue | Villager (Male) |
| 21:39 | Queue | Villager (Male) |
| 21:39 | Queue | Villager (Male) |
| 21:39 | Queue | Villager (Male) |
| 21:43 | Build | Lumber Camp |
| 21:46 | Build | Mining Camp |
| 21:48 | Build | Farm |
| 21:49 | Build | Farm |
| 21:53 | Build | Farm |
| 21:56 | Queue | Villager (Male) |
| 21:56 | Queue | Villager (Male) |
| 22:01 | Queue | Villager (Male) |
| 22:01 | Queue | Villager (Male) |
| 22:01 | Queue | Villager (Male) |
| 22:04 | Queue | Scorpion |
| 22:04 | Queue | Scorpion |
| 22:04 | Queue | Scorpion |
| 22:06 | Queue | Villager (Male) |
| 22:12 | Research | Gold Mining |
| 22:18 | Queue | Villager (Male) |
| 22:18 | Queue | Villager (Male) |
| 22:20 | Build | House |
Build order — c3mbrich!
First 150 of 313 actions detected
| 0:01 | Queue | Villager (Male) |
| 0:01 | Queue | Villager (Male) |
| 0:02 | Build | House |
| 0:03 | Build | House |
| 0:13 | Queue | Villager (Male) |
| 0:17 | Queue | Villager (Male) |
| 0:17 | Queue | Villager (Male) |
| 1:13 | Build | Palisade Wall |
| 1:14 | Build | Palisade Wall |
| 1:19 | Research | Loom |
| 1:41 | Queue | Villager (Male) |
| 2:46 | Queue | Villager (Male) |
| 2:46 | Queue | Villager (Male) |
| 2:53 | Build | Palisade Wall |
| 2:57 | Queue | Villager (Male) |
| 3:07 | Build | Palisade Wall |
| 3:08 | Build | Palisade Wall |
| 3:23 | Build | Palisade Wall |
| 3:24 | Build | Palisade Wall |
| 3:27 | Queue | Villager (Male) |
| 3:27 | Queue | Villager (Male) |
| 3:53 | Queue | Villager (Male) |
| 3:53 | Queue | Villager (Male) |
| 4:03 | Build | Palisade Wall |
| 4:28 | Build | Palisade Wall |
| 4:36 | Queue | Villager (Male) |
| 4:36 | Queue | Villager (Male) |
| 5:17 | Queue | Villager (Male) |
| 5:17 | Queue | Villager (Male) |
| 5:19 | Build | House |
| 5:33 | Build | Palisade Wall |
| 5:51 | Build | Mule Cart |
| 5:54 | Queue | Villager (Male) |
| 5:54 | Queue | Villager (Male) |
| 6:12 | Queue | Villager (Male) |
| 6:48 | Queue | Villager (Male) |
| 6:48 | Queue | Villager (Male) |
| 7:07 | Queue | Villager (Male) |
| 7:21 | Build | House |
| 7:36 | Queue | Villager (Male) |
| 7:36 | Queue | Villager (Male) |
| 7:40 | Build | Mill |
| 8:04 | Queue | Villager (Male) |
| 8:19 | Queue | Villager (Male) |
| 8:49 | Build | House |
| 9:00 | Queue | Villager (Male) |
| 9:03 | Build | Mule Cart |
| 9:22 | Queue | Villager (Male) |
| 9:28 | Build | Palisade Wall |
| 9:45 | Queue | Villager (Male) |
| 9:53 | Queue | Villager (Male) |
| 10:10 | Queue | Villager (Male) |
| 10:31 | Build | House |
| 11:08 | Build | Farm |
| 11:13 | Build | Farm |
| 11:23 | Research | Feudal Age |
| 11:23 | Research | Feudal Age |
| 13:15 | Queue | Villager (Male) |
| 13:33 | Age | Feudal Age |
| 13:37 | Build | Market |
| 13:38 | Build | Blacksmith |
| 13:44 | Build | Stone Wall |
| 13:47 | Build | Stone Wall |
| 13:55 | Build | Stone Wall |
| 13:59 | Queue | Villager (Male) |
| 14:21 | Research | Double-Bit Axe |
| 14:22 | Research | Gold Mining |
| 14:27 | Research | Gold Mining |
| 14:28 | Research | Castle Age |
| 14:29 | Research | Castle Age |
| 15:28 | Build | Farm |
| 15:33 | Research | Horse Collar |
| 16:08 | Build | Outpost |
| 17:08 | Age | Castle Age |
| 17:13 | Queue | Villager (Male) |
| 17:13 | Queue | Villager (Male) |
| 17:20 | Build | Siege Workshop |
| 17:27 | Build | House |
| 17:30 | Queue | Villager (Male) |
| 17:33 | Research | Bow Saw |
| 17:40 | Build | Monastery |
| 17:51 | Queue | Mangonel |
| 18:13 | Queue | Mangonel |
| 18:15 | Queue | Monk |
| 18:42 | Queue | Villager (Male) |
| 18:42 | Queue | Villager (Male) |
| 18:46 | Build | Farm |
| 18:47 | Build | Farm |
| 18:48 | Build | Farm |
| 19:24 | Queue | Villager (Male) |
| 19:35 | Queue | Villager (Male) |
| 19:40 | Research | Wheelbarrow |
| 19:42 | Build | House |
| 19:47 | Build | Town Center |
| 20:08 | Build | Town Center |
| 20:24 | Queue | Villager (Male) |
| 20:25 | Build | Farm |
| 20:26 | Build | Farm |
| 20:29 | Build | Farm |
| 20:31 | Build | Farm |
| 20:32 | Queue | Villager (Male) |
| 20:34 | Build | Farm |
| 20:55 | Build | Gate |
| 20:57 | Build | Stone Wall |
| 21:05 | Build | House |
| 21:06 | Queue | Villager (Male) |
| 21:07 | Queue | Villager (Male) |
| 21:07 | Queue | Villager (Male) |
| 21:20 | Queue | Villager (Male) |
| 21:22 | Build | Farm |
| 21:23 | Build | Farm |
| 21:24 | Build | Farm |
| 21:26 | Build | Farm |
| 21:28 | Build | Farm |
| 21:43 | Build | Farm |
| 21:44 | Queue | Villager (Male) |
| 21:44 | Queue | Villager (Male) |
| 21:48 | Build | Farm |
| 21:50 | Build | Farm |
| 21:58 | Queue | Villager (Male) |
| 22:02 | Queue | Villager (Male) |
| 22:04 | Build | Farm |
| 22:07 | Build | Farm |
| 22:09 | Queue | Villager (Male) |
| 22:14 | Queue | Villager (Male) |
| 22:14 | Queue | Villager (Male) |
| 22:16 | Build | Farm |
| 22:18 | Queue | Villager (Male) |
| 22:30 | Queue | Monk |
| 22:32 | Queue | Villager (Male) |
| 22:36 | Build | Farm |
| 22:38 | Build | Farm |
| 22:39 | Queue | Villager (Male) |
| 22:42 | Queue | Villager (Male) |
| 22:43 | Queue | Villager (Male) |
| 22:52 | Build | Town Center |
| 22:57 | Queue | Villager (Male) |
| 23:00 | Build | Farm |
| 23:06 | Build | House |
| 23:10 | Queue | Villager (Male) |
| 23:20 | Queue | Villager (Male) |
| 23:26 | Build | Gate |
| 23:31 | Queue | Villager (Male) |
| 23:40 | Queue | Villager (Male) |
| 23:52 | Build | Mule Cart |
| 23:55 | Research | Gold Shaft Mining |
| 23:57 | Research | Stone Mining |
| 23:58 | Queue | Villager (Male) |
| 23:58 | Queue | Villager (Male) |
| 24:07 | Build | Gate |
Match timeline
| 1:13 | c3mbrich! · wall_segment Palisade Wall x8 |
| 1:14 | c3mbrich! · wall_segment Palisade Wall x2 |
| 1:21 | Oni.TaToH · wall_segment Palisade Wall x1 |
| 1:47 | [CL] ElPali · wall_segment Palisade Wall x7 |
| 1:57 | Perlin · wall_segment Palisade Wall x9 |
| 2:44 | Perlin · wall_segment Palisade Wall x7 |
| 2:53 | c3mbrich! · wall_segment Palisade Wall x1 |
| 3:07 | c3mbrich! · wall_segment Palisade Wall x1 |
| 3:08 | c3mbrich! · wall_segment Palisade Wall x1 |
| 3:23 | c3mbrich! · wall_segment Palisade Wall x1 |
| 3:24 | c3mbrich! · wall_segment Palisade Wall x1 |
| 4:03 | c3mbrich! · wall_segment Palisade Wall x1 |
| 4:15 | [CL] ElPali · wall_segment Palisade Wall x1 |
| 4:18 | [CL] ElPali · wall_segment Palisade Wall x1 |
| 4:28 | c3mbrich! · wall_segment Palisade Wall x1 |
| 5:25 | [CL] ElPali · wall_segment Palisade Wall x1 |
| 5:27 | [CL] ElPali · wall_segment Palisade Wall x1 |
| 5:29 | [CL] ElPali · wall_segment Palisade Wall x1 |
| 5:33 | c3mbrich! · wall_segment Palisade Wall x1 |
| 5:46 | [CL] ElPali · wall_segment Palisade Wall x11 |
| 6:08 | Oni.TaToH · wall_segment Palisade Wall x18 |
| 6:13 | [CL] ElPali · wall_segment Palisade Wall x3 |
| 6:58 | Oni.TaToH · wall_segment Palisade Wall x1 |
| 7:29 | [R1] 12Tirador · wall_segment Palisade Wall x1 |
| 7:37 | [R1] 12Tirador · wall_segment Palisade Wall x1 |
| 7:37 | Bambs · wall_segment Palisade Wall x1 |
| 7:40 | Oni.TaToH · wall_segment Palisade Wall x8 |
| 7:42 | Oni.TaToH · wall_segment Palisade Wall x10 |
| 7:47 | [R1] 12Tirador · wall_segment Palisade Wall x1 |
| 9:00 | [CL] ElPali · wall_segment Palisade Wall x11 |
| 9:28 | c3mbrich! · wall_segment Palisade Wall x1 |
| 10:39 | Bambs · first_building Barracks |
| 11:11 | 3∅∰©Ψ H̵͎̄ẽ̵̝ ̵ · age_up feudal |
| 11:27 | [R1] PoXoLo · age_up feudal |
| 11:48 | [R1] 12Tirador · age_up feudal |
| 12:02 | Bambs · age_up feudal |
| 13:24 | Perlin · age_up feudal |
| 13:33 | c3mbrich! · age_up feudal |
| 13:41 | Oni.TaToH · wall_segment Palisade Wall x1 |
| 13:41 | Bambs · wall_segment Palisade Wall x1 |
| 13:42 | Perlin · wall_segment Stone Wall x9 |
| 13:42 | Bambs · wall_segment Palisade Wall x1 |
| 13:44 | c3mbrich! · wall_segment Stone Wall x2 |
| 13:47 | c3mbrich! · wall_segment Stone Wall x8 |
| 13:51 | Oni.TaToH · age_up feudal |
| 13:55 | c3mbrich! · wall_segment Stone Wall x1 |
| 14:10 | Perlin · wall_segment Stone Wall x9 |
| 14:23 | Perlin · wall_segment Stone Wall x1 |
| 14:44 | 3∅∰©Ψ H̵͎̄ẽ̵̝ ̵ · age_up castle |
| 14:54 | Perlin · wall_segment Stone Wall x9 |
| 14:59 | [R1] PoXoLo · age_up castle |
| 15:00 | [CL] ElPali · age_up feudal |
| 15:00 | [R1] 12Tirador · first_market_buy 100 stone |
| 15:21 | [R1] 12Tirador · age_up castle |
| 15:22 | Perlin · wall_segment Stone Wall x6 |
| 15:26 | [R1] PoXoLo · first_market_buy 100 wood |
| 15:28 | Perlin · wall_segment Stone Wall x1 |
| 15:30 | Perlin · wall_segment Stone Wall x4 |
| 15:53 | Bambs · age_up castle |
| 16:30 | Perlin · wall_segment Stone Wall x4 |
| 16:35 | Bambs · first_market_buy 100 stone |
| 16:39 | Perlin · wall_segment Stone Wall x5 |
| 16:58 | Oni.TaToH · first_market_buy 100 stone |
| 17:08 | c3mbrich! · age_up castle |
| 17:20 | c3mbrich! · first_building Siege Workshop |
| 17:22 | Oni.TaToH · age_up castle |
| 17:24 | Oni.TaToH · first_building Castle |
| 17:28 | Oni.TaToH · first_building Siege Workshop |
| 17:29 | 3∅∰©Ψ H̵͎̄ẽ̵̝ ̵ · first_building Monastery |
| 17:32 | Bambs · first_building Siege Workshop |
| 17:40 | c3mbrich! · first_building Monastery |
| 17:42 | Perlin · wall_segment Stone Wall x11 |
| 18:12 | c3mbrich! · first_market_buy 100 wood |
| 18:23 | Perlin · wall_segment Stone Wall x9 |
| 18:42 | [CL] ElPali · age_up castle |
| 18:49 | Perlin · wall_segment Stone Wall x9 |
| 19:02 | [CL] ElPali · first_building Castle |
| 19:33 | Perlin · wall_segment Stone Wall x3 |
| 19:47 | Perlin · first_market_buy 100 food |
| 19:49 | Oni.TaToH · first_building Monastery |
| 20:11 | Perlin · wall_segment Stone Wall x4 |
| 20:41 | [CL] ElPali · first_market_buy 100 stone |
| 20:57 | c3mbrich! · wall_segment Stone Wall x3 |
| 21:11 | Perlin · first_market_sell 100 wood |
| 22:23 | Bambs · first_building Monastery |
| 22:37 | Oni.TaToH · first_market_sell 100 food |
| 22:42 | [R1] 12Tirador · first_building Monastery |
| 23:07 | [R1] PoXoLo · first_building Siege Workshop |
| 23:25 | Bambs · first_market_sell 100 wood |
| 23:52 | Perlin · age_up castle |
| 23:53 | [R1] PoXoLo · first_market_sell 100 wood |
| 24:02 | [CL] ElPali · wall_segment Stone Wall x13 |
| 24:08 | 3∅∰©Ψ H̵͎̄ẽ̵̝ ̵ · first_building Siege Workshop |
| 24:20 | Perlin · first_building Castle |
| 24:33 | [R1] PoXoLo · first_building Barracks |
| 24:46 | [R1] 12Tirador · first_building Siege Workshop |
| 25:06 | [R1] 12Tirador · first_market_sell 100 food |
| 25:11 | Bambs · wall_segment Stone Wall x10 |
| 25:25 | [R1] PoXoLo · first_building Stable |
| 25:36 | Bambs · first_building Archery Range |
| 25:42 | 3∅∰©Ψ H̵͎̄ẽ̵̝ ̵ · first_building Barracks |
| 25:54 | [R1] 12Tirador · first_building Castle |
| 26:26 | [R1] 12Tirador · first_building Barracks |
| 27:17 | [R1] PoXoLo · age_up imperial |
| 27:19 | Oni.TaToH · first_building Barracks |
| 27:39 | Bambs · first_building Castle |
| 27:45 | [R1] PoXoLo · first_building Castle |
| 28:17 | Oni.TaToH · first_building Stable |
| 28:21 | [R1] 12Tirador · age_up imperial |
| 29:23 | c3mbrich! · first_building Castle |
| 29:35 | 3∅∰©Ψ H̵͎̄ẽ̵̝ ̵ · first_building Castle |
| 29:45 | 3∅∰©Ψ H̵͎̄ẽ̵̝ ̵ · age_up imperial |
| 30:10 | c3mbrich! · wall_segment Stone Wall x9 |
| 30:18 | c3mbrich! · age_up imperial |
| 30:41 | c3mbrich! · wall_segment Stone Wall x5 |
| 30:56 | Bambs · wall_segment Stone Wall x1 |
| 31:03 | Bambs · age_up imperial |
| 31:59 | c3mbrich! · first_building Barracks |
| 32:21 | [CL] ElPali · first_market_sell 500 wood |
| 32:23 | c3mbrich! · wall_segment Stone Wall x6 |
| 32:24 | c3mbrich! · wall_segment Stone Wall x13 |
| 32:49 | Oni.TaToH · first_building Archery Range |
| 32:54 | [CL] ElPali · first_building Barracks |
| 33:34 | [CL] ElPali · first_building Archery Range |
| 33:40 | c3mbrich! · wall_segment Stone Wall x11 |
| 33:43 | c3mbrich! · wall_segment Stone Wall x8 |
| 33:44 | c3mbrich! · wall_segment Stone Wall x6 |
| 34:28 | Oni.TaToH · age_up imperial |
| 34:40 | Bambs · wall_segment Stone Wall x1 |
| 34:42 | Bambs · wall_segment Stone Wall x1 |
| 35:37 | Bambs · resign |
| 35:55 | [CL] ElPali · age_up imperial |
[ AI ANALYSIS · 1 CREDIT ]
What really happened in this match?
Wolo.gg analyzes every decision: build order, eco, micro, common mistakes by bracket. Personalized analysis on WhatsApp or Discord in 30 seconds.
Civ guide
Teutons
Perfil
Jugador #340055